 Dungeon Sprint DCSS version bcrawl-1.31 (webtiles) character file.

Game seed: 16255821011482356131

286649 Groucho the Imperceptible (level 10, -2/66 HPs)
             Began as a Felid Berserker on Apr 4, 2021.
             Was an Elder of Trog.
             Killed by mirror damage (3 damage)
             ... in the Dungeon (Sprint VII: "The Pits").
             The game lasted 00:15:06 (6168 turns).

Groucho the Imperceptible (Felid Berserker)         Turns: 6168, Time: 00:15:06

Health: -2/66      AC:  3    Str: 13    XL:     10   Next: 4%
Magic:  11/11      EV: 40    Int:  8    God:    Trog [****..]
Gold:   18         SH:  0    Dex: 27    Spells: 9/9 levels left
                                        Lives:  0   Deaths: 3

rFire    . . .     SeeInvis +     - Teeth and claws (30.4)
rCold    + . .     Gourm    .   (shield unavailable)
rNeg     . . .     Faith    .   (armour unavailable)
rPois    .         Spirit   .   (helmet unavailable)
rElec    .         Reflect  .   (cloak restricted)
rCorr    .         Harm     .   (gloves unavailable)
MR       +....     NoTele   +   (boots unavailable)
Stlth    ++++......             (no amulet)
HPRegen  0.21/turn              g - +3 ring of dexterity
MPRegen  0.12/turn              l - +3 ring of dexterity

@: glowing, quick
A: very small, no armour, no weapons or thrown items, stealth, claws 1, fangs 3,
see invisible, carnivore, speed 1, shaggy fur 3, slow metabolism 1, sharp paws
a: Berserk, Trog's Hand, Brothers in Arms, Renounce Religion


You were in the Dungeon.
You worshipped Trog.
Trog was greatly pleased with you.
You were not hungry.

You visited 1 branch You collected 18 gold pieces.

Inventory:

Jewellery
 g - a +3 ring of dexterity (left paw)
 l - a +3 ring of dexterity (right paw)
 r - an uncursed amulet of the acrobat
 v - an uncursed ring of protection from cold
Scrolls
 i - 3 scrolls of identify
 j - 4 scrolls of remove curse
 k - a scroll of summoning
 q - 2 scrolls of vulnerability
 t - a scroll of fear
Potions
 a - 4 potions of magic
 b - 8 potions of curing
 c - 8 potions of heal wounds
 d - 2 potions of haste
 f - 5 potions of berserk rage
 h - 2 potions of invisibility
 m - 2 potions of brilliance
 n - 3 potions of might
 o - 2 potions of resistance
 p - 2 potions of agility
 u - a potion of mutation
Comestibles
 e - 4 rations {!d}
 s - 4 chunks of flesh


   Skills:
 + Level 14.9 Fighting
 + Level 18.6 Dodging
 + Level 24.3 Stealth
 + Level 17.2 Unarmed Combat


You had 9 spell levels left.
You didn't know any spells.
Your spell library was empty.

Dungeon Overview and Level Annotations

Branches:
Dungeon (1/1)

Altars:
Ashenzari
Cheibriados
Dithmenos
Elyvilon
Fedhas
Gozag
Hepliaklqana
Kikubaaqudgha
Lugonu
Makhleb
Nemelex Xobeh
Okawaru
Qazlal
Ru
Sif Muna
Trog
Uskayaw
Vehumet
Wu Jian
Xom
Yredelemnul
Zin
The Shining One
Beogh
Jiyva

Annotations:
D Lernaean hydra


Innate Abilities, Weirdness & Mutations

You cannot wear almost all types of armour.
You are incapable of wielding weapons or throwing items.
Your paws allow you to move quietly. (Stealth)
You have sharp claws.
You have razor-sharp teeth.
You have supernaturally acute eyesight. (SInv)
You are carnivorous and can eat meat at any time.
You cover ground quickly.
Your thick and shaggy fur keeps you warm. (AC +3, rC+)
You have a slow metabolism.
Your sharp claws are effective at attacking unaware monsters.


Message History

The death knight is moderately wounded.
The death knight offers itself to Yredelemnul, and fills with unholy energy.
You claw the death knight!
The death knight is heavily wounded.
The death knight reflects your damage back at you!
The nagaraja hits you with a +0 spear!
* * * LOW HITPOINT WARNING * * *
The nagaraja completely misses you.
The death knight hits you with a +1 morningstar!
* * * LOW HITPOINT WARNING * * *
You scratch the death knight but do no damage.
You claw the death knight. Your bite misses the death knight.
The death knight is heavily wounded.
The death knight reflects your damage back at you!
* * * LOW HITPOINT WARNING * * *
You scratch the death knight.
You bite the death knight, but do no damage.
The death knight is heavily wounded.
The death knight reflects your damage back at you!
You die...

#..........#
#..........#
+..#....#..#
+..........#
#..........#
###########..#....#..#
.........''..........#
.........''..........#
#########@p##..#....#..#
#p#t#.#.#AN##..........+
#)#§#O##.†##..........+
#p#.#)#O.####++####++#
#)#)#.#)÷.# #++###
#4#.#.#.#..# #.o...
#########..# #†D...
.........# #..###
.........# #..#


You could see a daeva, a nagaraja, a death knight and a two-headed ogre.

Vanquished Creatures
  Donald (D)
  2 orc warlords (D)
  A ghost moth (D)
  A yaktaur captain (D)
  2 alligator snapping turtles (D)
  A shadow wraith (D)
  A death knight (D)
  A death yak (D)
  2 deep elf knights (D)
  A flayed ghost (D)
  A spriggan druid (D)
  An unseen horror (D)
  A cyclops (D)
  8 orc knights (D)
  A deep elf mage (D)
  A wolf spider (shapeshifter) (D)
  An orc sorcerer (D)
  A manticore (D)
  2 elephants (D)
  A black mamba (D)
  3 rust devils (D)
  Joseph (D)
  An eye of devastation (D)
  A komodo dragon (D)
  A troll (D)
  Grinder (D)
  A jumping spider (D)
  A tyrant leech (D)
  A merfolk (D)
  A blink frog (D)
  Sigmund (D)
  A shadow (D)
  A flying skull (D)
  A ynoxinul (D)
  A neqoxec (D)
  2 wargs (D)
  2 swamp drakes (D)
  2 centaurs (D)
  A scorpion (D)
  2 orc priests (D)
  A gnoll shaman (D)
  2 gnolls (D)
  A river rat (D)
  A white imp (D)
  3 ufetubi (D)
  A worm (D)
  An orc (D)
  2 giant cockroaches (D)
  A bat simulacrum (D)
  A frilled lizard (D)
  A goblin (D)
  A jackal skeleton (D)
  A jackal zombie (D)
  A rat (D)
75 creatures vanquished.

Vanquished Creatures (collateral kills)
  5 death yaks (D)
  A wolf spider (D)
  An orc sorcerer (D)
  2 rust devils (D)
  An eye of devastation (D)
  2 demonic crawlers (D)
  A jumping spider (D)
  4 blink frogs (D)
  An air elemental (D)
  A wyvern (D)
  3 redbacks (D)
  A chaos spawn (D)
  A soldier ant (D)
  A crocodile (D)
  Duvessa (D)
  An orc warrior (D)
  Purgy (D)
  A large abomination (D)
  2 ogres (D)
  An eye of draining (D)
  Dowan (D)
  A small abomination (D)
  8 killer bees (D)
  3 orcs (D)
  A kobold (D)
46 creatures vanquished.

Grand Total: 121 creatures vanquished

Notes
Turn   | Place    | Note
-------+----------+-------------------------------------------
     0 | D        | Groucho the Felid Berserker began the quest for the Orb.
     0 | D        | Reached XP level 1. HP: 12/12 MP: 2/2
     9 | D        | Reached skill level 2 in Stealth
    37 | D        | Found a bloodstained altar of Trog.
    37 | D        | Found a shimmering blue altar of Sif Muna.
    37 | D        | Found a viscous altar of Jiyva.
    37 | D        | Found a hazy altar of Hepliaklqana.
    37 | D        | Found an opulent altar of Gozag.
    38 | D        | Found a glowing golden altar of the Shining One.
    38 | D        | Found a glowing silver altar of Zin.
    38 | D        | Found a basalt altar of Yredelemnul.
    38 | D        | Found a shimmering altar of Xom.
    38 | D        | Found an ornate altar of the Wu Jian Council.
    38 | D        | Found a sacrificial altar of Ru.
    38 | D        | Found a stormy altar of Qazlal.
    38 | D        | Found an iron altar of Okawaru.
    38 | D        | Found a sparkling altar of Nemelex Xobeh.
    38 | D        | Found a burning altar of Makhleb.
    38 | D        | Found a blossoming altar of Fedhas.
    38 | D        | Found a white marble altar of Elyvilon.
    38 | D        | Found a shadowy altar of Dithmenos.
    38 | D        | Found a snail-covered altar of Cheibriados.
    40 | D        | Found a radiant altar of Vehumet.
    40 | D        | Found a corrupted altar of Lugonu.
    40 | D        | Found a roughly hewn altar of Beogh.
    41 | D        | Found a hide-covered altar of Uskayaw.
    41 | D        | Found an ancient bone altar of Kikubaaqudgha.
    41 | D        | Found a shattered altar of Ashenzari.
    60 | D        | Reached skill level 3 in Stealth
    69 | D        | Reached ** piety under Trog
   194 | D        | Reached skill level 5 in Stealth
   194 | D        | Reached XP level 2. HP: 16/16 MP: 3/3
   213 | D        | Noticed a centaur
   214 | D        | Reached skill level 10 in Stealth
   214 | D        | Reached XP level 3. HP: 20/20 MP: 4/4
   221 | D        | Killed a centaur
   221 | D        | Reached *** piety under Trog
   272 | D        | Noticed a scorpion
   272 | D        | Noticed a warg
   272 | D        | Noticed a centaur
   273 | D        | Reached skill level 14 in Stealth
   273 | D        | Reached XP level 4. HP: 24/24 MP: 5/5
   273 | D        | Reached XP level 5. HP: 28/28 MP: 6/6
   365 | D        | Killed a warg
   432 | D        | Noticed a warg
   433 | D        | Reached skill level 15 in Stealth
   433 | D        | Gained mutation: You are covered in thick fur. (AC +2)
                  | [Felid growth]
   433 | D        | Reached XP level 6. HP: 32/32 MP: 7/7
   441 | D        | Killed a warg
   446 | D        | Reached **** piety under Trog
   700 | D        | Noticed a flying skull
   701 | D        | Reached skill level 17 in Stealth
   711 | D        | Killed a flying skull
   715 | D        | Reached ***** piety under Trog
   717 | D        | Noticed an orc sorcerer
   718 | D        | Reached skill level 5 in Unarmed Combat
   718 | D        | Reached XP level 7. HP: 38/38 MP: 8/8
   736 | D        | Killed an orc sorcerer
  1078 | D        | Noticed Grinder
  1079 | D        | Reached skill level 5 in Fighting
  1091 | D        | Killed Grinder
  1345 | D        | Noticed Sigmund
  1346 | D        | Reached skill level 18 in Stealth
  1346 | D        | Noticed a cyclops
  1347 | D        | Reached XP level 8. HP: 38/45 MP: 9/9
  1704 | D        | Killed Sigmund
  1710 | D        | Killed a cyclops
  1812 | D        | Noticed a jumping spider
  1813 | D        | Noticed Duvessa
  1814 | D        | Noticed a redback
  1814 | D        | Noticed a redback
  1814 | D        | Noticed a flayed ghost
  1815 | D        | Reached skill level 10 in Dodging
  1815 | D        | Reached skill level 19 in Stealth
  1825 | D        | Noticed Dowan
  1830 | D        | Killed a redback
  1834 | D        | Killed a redback
  1837 | D        | Killed Duvessa
  1837 | D        | Killed Dowan
  1843 | D        | Killed a jumping spider
  2369 | D        | Killed a flayed ghost
  2522 | D        | Noticed an air elemental
  2523 | D        | Reached XP level 9. HP: 51/51 MP: 10/10
  2526 | D        | Noticed a demonic crawler
  2538 | D        | Noticed an elephant
  2538 | D        | Noticed a rust devil
  2539 | D        | Reached skill level 10 in Unarmed Combat
  2544 | D        | Killed a demonic crawler
  2545 | D        | Killed a rust devil
  2548 | D        | Killed an elephant
  2558 | D        | Noticed a jumping spider
  2558 | D        | Noticed a death yak
  2879 | D        | Noticed an unseen horror
  2880 | D        | Reached skill level 20 in Stealth
  2880 | D        | Noticed a manticore
  2894 | D        | Killed an unseen horror
  2903 | D        | Killed a jumping spider
  2907 | D        | Noticed a ghost moth
  2908 | D        | Reached skill level 10 in Fighting
  2908 | D        | Reached XP level 10. HP: 56/59 MP: 11/11
  2917 | D        | Killed a ghost moth
  2994 | D        | Noticed a rust devil
  2999 | D        | Killed a rust devil
  3003 | D        | Noticed Joseph
  3006 | D        | Killed a death yak
  3012 | D        | Killed Joseph
  3021 | D        | Noticed an elephant
  3060 | D        | Killed a manticore
  3090 | D        | Killed an elephant
  3096 | D        | Noticed Purgy
  3125 | D        | Noticed a demonic crawler
  3126 | D        | Reached skill level 21 in Stealth
  3134 | D        | Killed Purgy
  3140 | D        | Killed a demonic crawler
  3384 | D        | Noticed a shadow wraith
  3395 | D        | Killed a shadow wraith
  3578 | D        | Noticed an alligator snapping turtle
  3578 | D        | Noticed a death yak
  3578 | D        | Noticed a death yak
  3578 | D        | Noticed a death yak
  3578 | D        | Noticed a deep elf mage
  3578 | D        | Noticed a death yak
  3579 | D        | Reached skill level 15 in Dodging
  3579 | D        | Reached XP level 11. HP: 66/66 MP: 12/12
  3587 | D        | Killed a death yak
  3588 | D        | Noticed a death yak
  3589 | D        | Reached skill level 22 in Stealth
  3597 | D        | Killed a death yak
  3600 | D        | Killed a death yak
  3604 | D        | Killed an alligator snapping turtle
  3604 | D        | Killed a death yak
  3606 | D        | Killed a death yak
  3623 | D        | Killed a deep elf mage
  3779 | D        | Noticed a deep elf knight
  3795 | D        | Killed a deep elf knight
  4129 | D        | Noticed an orc sorcerer
  4130 | D        | Noticed an orc knight
  4140 | D        | Killed an orc sorcerer
  4147 | D        | Killed an orc knight
  4195 | D        | Noticed a wolf spider
  4201 | D        | Killed a wolf spider
  4745 | D        | Noticed an orc knight
  4745 | D        | Noticed an orc knight
  4745 | D        | Noticed an orc knight
  4745 | D        | Noticed an orc knight
  4746 | D        | Reached skill level 15 in Unarmed Combat
  4888 | D        | Noticed an orc knight
  4888 | D        | Noticed an orc warlord
  4888 | D        | Noticed an orc warlord
  4888 | D        | Noticed an orc knight
  4889 | D        | Noticed an orc knight
  4889 | D        | Noticed an orc knight
  4890 | D        | Reached skill level 23 in Stealth
  4906 | D        | Killed an orc knight
  4911 | D        | Killed an orc knight
  4918 | D        | Killed an orc warlord
  4925 | D        | Killed an orc warlord
  5143 | D        | Killed an orc knight
  5151 | D        | Killed an orc knight
  5270 | D        | Killed an orc knight
  5292 | D        | Killed an orc knight
  5303 | D        | Noticed a deep elf knight
  5310 | D        | Killed a deep elf knight
  5458 | D        | Noticed a yaktaur captain
  5459 | D        | Gained mutation: Your thick and shaggy fur keeps you warm.
                  | (AC +3, rC+) [Felid growth]
  5459 | D        | Reached XP level 12. HP: 73/73 MP: 13/13
  5467 | D        | Killed a yaktaur captain
  5495 | D        | Noticed the 27-headed Lernaean hydra
  5506 | D        | HP: 5/111 [the 27-headed Lernaean hydra (11)]
  5506 | D        | Slain by the 27-headed Lernaean hydra
  5507 | D        | Reached XP level 11. HP: -1/105 MP: 12/12
  5961 | D        | Noticed a spriggan druid
  5965 | D        | Killed a spriggan druid
  5985 | D        | Noticed a wolf spider
  5988 | D        | Killed a wolf spider
  6090 | D        | Noticed an alligator snapping turtle
  6095 | D        | Identified the ring "Vaipruawasch" {rF+ rN+}
  6095 | D        | Noticed a death knight
  6101 | D        | Noticed a death knight
  6118 | D        | Noticed a daeva
  6118 | D        | Reached skill level 24 in Stealth
  6124 | D        | HP: 3/105 [alligator snapping turtle (39)]
  6127 | D        | Killed an alligator snapping turtle
  6127 | D        | Noticed Donald
  6128 | D        | Killed Donald
  6129 | D        | HP: 5/105 [daeva/+3 scimitar of holy wrath (1)]
  6132 | D        | Demolished by a daeva
  6133 | D        | Reached XP level 10. HP: -15/99 MP: 11/11
  6143 | D        | Noticed a two-headed ogre
  6143 | D        | Killed a rust devil
  6147 | D        | Killed a death knight
  6151 | D        | Noticed a nagaraja
  6152 | D        | Reached XP level 11. HP: 32/70 MP: 12/12
  6155 | D        | Killed from afar by a daeva
  6156 | D        | Reached XP level 10. HP: -6/66 MP: 11/11
  6166 | D        | HP: 2/66 [death knight/+1 morningstar (11)]
  6168 | D        | Killed by mirror damage

Skill      XL: |  1  2  3  4  5  6  7  8  9 10 11 12 |
---------------+-------------------------------------+-----
Stealth        | 5 10 14 15 17 18 19 20 21 24 | 24.3
Fighting       | 4 6 8 10 12 13 14 | 14.9
Dodging        | 6 8 10 12 15 18 | 18.6
Unarmed Combat | 5 7 9 11 14 17 16 | 17.2

Action                   |  1- 3 |  4- 6 |  7- 9 | 10-12 || total
-------------------------+-------+-------+-------+-------++-------
Melee: Unarmed           |    27 |    24 |    73 |   167 ||   291
       Punch             |     1 |     1 |     4 |    26 ||    32
       Bite              |     2 |     2 |    18 |    44 ||    66
Invok: Berserk           |       |     2 |     6 |     7 ||    15
       Trog's Hand       |       |     2 |     3 |     8 ||    13
       Brothers in Arms  |       |       |     6 |    29 ||    35
  Use: Potion            |       |       |     1 |     2 ||     3
       Scroll            |       |       |     1 |     1 ||     2
 Stab: Sleeping          |     1 |     2 |     1 |    12 ||    16
       Distracted        |       |       |       |     6 ||     6
  Eat: Ration            |       |       |     5 |     1 ||     6
       Chunk             |       |       |     3 |    20 ||    23
Armor: Skin              |       |     1 |       |     5 ||     6
Dodge: Dodged            |    34 |    12 |    70 |   142 ||   258
